 Dungeon Crawl Stone Soup version 0.23.1 (webtiles) character file.

Game seed: 9997930156785058808

117 Borgoz the Skirmisher (level 5, 0/46 HPs)
             Began as a Ghoul Monk on Mar 18, 2019.
             Slain by an orc
             ... wielding a +0 war axe
              (12 damage)
             ... on level 3 of the Dungeon.
             The game lasted 00:02:11 (1354 turns).

Borgoz the Skirmisher (Ghoul Monk)                  Turns: 1354, Time: 00:02:12

Health: 0/46       AC:  3    Str: 15    XL:     5   Next: 1%
Magic:  4/4        EV: 13    Int:  6    God:
Gold:   47         SH:  0    Dex: 11    Spells: 4/4 levels left

rFire    . . .     SeeInvis .   n - +1 dagger (flame)
rCold    + . .     Gourm    .   (no shield)
rNeg     + + +     Faith    .   b - +0 robe
rPois    ∞         Spirit   .   m - +0 helmet
rElec    .         Reflect  .   (no cloak)
rCorr    .         Harm     .   (no gloves)
MR       .....                  (no boots)
Stlth    ++........             (no amulet)
HPRegen  0.00/turn              (no ring)
MPRegen  0.09/turn              (no ring)

@: rotting
A: rotting body, claws 1, carnivore, cold resistance 1, negative energy
resistance 3, inhibited regeneration, torment resistance, unbreathing
a: no special abilities


You were on level 3 of the Dungeon.
You were not hungry.

You visited 1 branch of the dungeon, and saw 3 of its levels.

You collected 47 gold pieces.

Inventory:

Hand Weapons
 n - a +1 dagger of flaming (weapon)
Armour
 b - a +0 robe (worn)
 m - a +0 helmet (worn)
Scrolls
 e - a scroll of amnesia {unknown}
 f - 2 scrolls of identify {unknown}
 g - 2 scrolls of magic mapping {unknown}
 l - 2 scrolls of teleportation {unknown}
 q - a scroll of fear {unknown}
Potions
 a - a potion of berserk rage {unknown}
 h - 3 potions of invisibility {unknown}
 i - 2 potions of haste {unknown}
 j - a potion of heal wounds {unknown}
 k - 2 potions of might {unknown}
 o - 2 potions of magic {unknown}
 p - a potion of flight {unknown}
 r - a potion of lignification {unknown}
 s - a potion of mutation {unknown}
Comestibles
 c - 3 rations
 d - a chunk of flesh


   Skills:
 + Level 3.6 Fighting
 * Level 3.4 Short Blades
 * Level 1.9 Armour
 * Level 3.3 Dodging
 + Level 2.8 Stealth


You had 4 spell levels left.
You didn't know any spells.
Your spell library was empty.

Dungeon Overview and Level Annotations

Branches:
Dungeon (3/15)

Altars:


Innate Abilities, Weirdness & Mutations

Your body is rotting away.
You thrive on raw meat.
You are immune to poison.
You have sharp fingernails.
You are carnivorous and can eat meat at any time.
Your flesh is cold resistant. (rC+)
You are immune to negative energy. (rN+++)
You do not regenerate when monsters are visible.
You are immune to unholy pain and torment.
You can survive without breathing.


Message History

You closely miss the orc.
The orc is heavily wounded.
The orc misses you. The orc hits you but does no damage.
You hit the orc. You burn the orc.
You kill the orc!
The orc closely misses you.
You hit the orc but do no damage. The orc barely misses you.
You hit the orc. You burn the orc.
The orc is almost dead.
The orc closely misses you.
You hit the orc but do no damage.
The orc is almost dead.
You barely miss the orc. You hit the orc. You burn the orc.
The orc is heavily wounded.
The orc hits you but does no damage. The orc misses you.
You barely miss the orc.
The orc is heavily wounded.
The orc hits you but does no damage. The orc hits you with a +0 war axe!
You die...

#.....##.#
##.....##.#
#.)....##.# ####
...#....##.#
.....
......#..#.#
.....
...?......+......
#..#.#.#.#......
......)..).......
...##[###@######
.......ooo.....
.###.##.#######
.. # ... . #..
####


You could see 3 orcs.

Vanquished Creatures
  Terence (D:2)
  An orc wizard (D:3)
  An adder (D:2)
  An ooze (D:2)
  2 worms (D:2)
  2 dart slugs (D:2)
  2 leopard geckos
  An orc (D:3)
  4 goblins
  7 hobgoblins
  2 jackals (D:2)
  5 kobolds
  5 bats
  5 frilled lizards
  6 rats
45 creatures vanquished.

Notes
Turn   | Place    | Note
-------+----------+-------------------------------------------
     0 | D:1      | Borgoz the Ghoul Monk began the quest for the Orb.
     0 | D:1      | Reached XP level 1. HP: 19/19 MP: 0/0
   127 | D:1      | Reached XP level 2. HP: 14/25 MP: 1/1
   544 | D:1      | Reached skill level 1 in Armour
   704 | D:2      | Reached XP level 3. HP: 30/31 MP: 2/2
   710 | D:2      | Noticed Terence
   724 | D:2      | Killed Terence
   831 | D:2      | Reached XP level 4. HP: 24/38 MP: 3/3
  1345 | D:3      | Reached XP level 5. HP: 16/46 MP: 4/4
  1354 | D:3      | Slain by an orc

Skill      XL: |  1  2  3 |
---------------+----------+-----
Armour         | 1 |  1.9
Short Blades   | 3 |  3.4
Dodging        | 3 |  3.3
Fighting       | |  3.6
Stealth        | |  2.8

Action                   |  1- 3 |  4- 6 || total
-------------------------+-------+-------++-------
Melee: Short sword       |    57 |       ||    57
       Dagger            |    33 |    51 ||    84
 Stab: Sleeping          |     2 |     3 ||     5
  Eat: Chunk             |     5 |     4 ||     9
Armor: Robe              |    29 |     4 ||    33
Dodge: Dodged            |    83 |    30 ||   113
